 Dungeon Crawl Stone Soup version 0.27.0-1-g7a089689b8 (webtiles) character file.

Game seed: 5754529058987093236

9852 sakkuzi the Cleaver (level 11, 0/102 HPs)
             Began as a Minotaur Berserker on Aug 12, 2021.
             Was a High Priest of Trog.
             Slain by a raiju (8 damage)
             ... on level 2 of the Abyss.
             The game lasted 00:21:38 (11700 turns).

sakkuzi the Cleaver (Minotaur Berserker)           Turns: 11700, Time: 00:21:39

Health: 0/102      AC: 19    Str: 24    XL:     11   Next: 28%
Magic:  10/10      EV:  9    Int:  4    God:    Trog [*****.]
Gold:   493        SH:  0    Dex: 11    Spells: 10/10 levels left

rFire    . . .     SeeInvis .   u - +7 battleaxe (freeze) {axe}
rCold    . . .     Faith    .   (shield currently unavailable)
rNeg     . . .     Spirit   .   J - +4 chain mail {Will+}
rPois    .         Reflect  .   (helmet restricted)
rElec    .         Harm     .   l - +0 cloak
rCorr    .         Rampage  .   (no gloves)
Will     +....                  (no boots)
Stlth    ..........             (no amulet)
HPRegen  0.27/turn              (no ring)
MPRegen  0.12/turn              (no ring)

@: studying Stealth
A: horns 2, retaliatory headbutt, iridescent scales 1
a: Renounce Religion, Berserk, Trog's Hand, Brothers in Arms


You were on level 2 of the Abyss.
You worshipped Trog.
Trog was extremely pleased with you.
You visited 2 branches of the dungeon, and saw 12 of its levels.
You visited the Abyss 1 time.
You also visited: Sewer and Ossuary.

You collected 658 gold pieces.
You spent 165 gold pieces at shops.


Innate Abilities, Weirdness & Mutations

You have a pair of horns on your head.
You reflexively headbutt those who attack you in melee.
You are partially covered in iridescent scales. (AC +2)


   Skills:
 + Level 11.1 Fighting
 - Level 1.3 Short Blades
 * Level 14.5 Axes
 + Level 10.9 Armour
 - Level 2.1 Dodging


You had 10 spell levels left.
You didn't know any spells.
Your spell library contained the following spells:

 Spells                   Type           Power      Damage    Failure   Level
 Corpse Rot               Necr/Air       N/A        N/A       99%         2
 Slow                     Hex            0%         N/A       99%         2
 Confusing Touch          Hex            0%         N/A       100%        3
 Ozocubu's Armour         Ice            0%         N/A       100%        3
 Vampiric Draining        Necr           0%         2d6       100%        3
 Bolt of Magma            Conj/Fire/Erth 0%         4d4       100%        5
 Borgnjor's Vile Clutch   Necr/Erth      0%         N/A       100%        5
 Ozocubu's Refrigeration  Ice            0%         4d5       100%        7

Inventory:

Hand Weapons
 a - a +0 hand axe {axe}
 n - the +3 battleaxe of the Lusting Soothsayer {vorpal, *Slow rC+++ Will+++ Str-5, axe}
   (You acquired it on level 4 of the Dungeon)

   It inflicts extra damage upon your enemies.
   Str:       It affects your strength (-5).
   rC:        It renders you almost immune to cold.
   *Slow:     It may slow you when you take damage.
   Will:      It greatly increases your willpower.
 t - a +1 short sword of freezing {short}
   (You took it off a kobold brigand in a sewer)
 u - a +7 battleaxe of freezing (weapon) {axe}
   (You took it off a wight on level 7 of the Dungeon)
 A - a +2 hand axe of electrocution {axe}
   (You took it off an orc on level 3 of the Dungeon)
 U - a +4 war axe of flaming {axe}
   (Trog gifted it to you on level 10 of the Dungeon)
Missiles
 e - 245 stones (quivered) {throwing}
 f - 98 sling bullets
 g - 86 poisoned darts {throwing}
 h - 192 arrows
 r - 100 bolts
 B - 5 boomerangs {throwing}
 E - 7 curare-tipped darts {=fthrowing}
 K - a throwing net {=f!fthrowing}
 M - 5 javelins {throwing}
Armour
 l - a +0 cloak (worn)
   (You found it on level 2 of the Dungeon)
 J - a +4 chain mail of willpower (worn)
   (You bought it in a shop on level 5 of the Dungeon)
Magical Staves
 k - a staff of fire {forbidden!astaff}
   (You found it on level 2 of the Dungeon)
 v - a staff of fire {forbidden!astaff}
   (You found it on level 7 of the Dungeon)
Jewellery
 m - a ring of fire
   (You found it on level 2 of the Dungeon)
Wands
 q - a wand of mindburst (8)
   (You found it on level 4 of the Dungeon)
 C - a wand of acid (7)
   (You found it on level 9 of the Dungeon)
 I - a wand of paralysis (23)
   (You found it on level 4 of the Dungeon)
 L - a wand of digging (6)
   (You took it off Maggie on level 6 of the Dungeon)
 P - a wand of flame (49)
   (You found it on level 8 of the Dungeon)
Scrolls
 b - a scroll of torment {unknown}
 c - 4 scrolls of identify {@r1}
 w - 4 scrolls of teleportation {@r4}
 y - 2 scrolls of fog
 z - 3 scrolls of noise {!r}
 D - a scroll of silence {!r}
 G - 2 scrolls of vulnerability {!r!r}
 N - 2 scrolls of magic mapping {!r}
 R - a scroll of holy word
Potions
 d - 6 potions of curing {@q1}
 i - a potion of lignification {unknown}
 j - a potion of haste {@q3}
 o - a potion of might
 p - a potion of magic
 x - 2 potions of mutation {!q}
 F - a potion of attraction {!q}
 H - 5 potions of brilliance
 O - 3 potions of berserk rage {unknown}
 Q - 2 potions of resistance
 S - a potion of flight {unknown}
Miscellaneous
 T - a condenser vane
   (You found it on level 10 of the Dungeon)

Dungeon Overview and Level Annotations

Branches:
Dungeon (11/15)            Temple (0/1) D:6             Orc (1/2) D:10
  Sewer (visited)         Ossuary (visited)
   Lair: D:8-11

Altars:
Ashenzari
Dithmenos
Fedhas
Makhleb
Okawaru
Qazlal
Vehumet
Yredelemnul

Shops:
D:5 [   D:6 =

Annotations:
Orc:1 Sonja

#.$##.. . ...#
#.......#.#...
.....#....#...
###........#...
#...........##.
............)#..##
........h....#....
..........@h..#..
......#...[....#
....โˆฉ..........ยง..
...............#.#
.................#
..#...............
..##.............#
..##..........#..
..........#....


You could see 2 raiju.


Message History

Sonja throws a curare-tipped dart.
The curare-tipped dart hits you.
You are poisoned.
You have difficulty breathing.
* * * LOW HITPOINT WARNING * * *
You feel yourself slow down. The orc hits you but does no damage.
The orc warrior hits you but does no damage. ๐Ÿ˜จ HP[-7]
You take 7 damage, and now have 51/102 hp.
You slice the orc warrior!! You freeze the orc warrior!
You kill the orc warrior!
Trog accepts your kill.
You barely miss the orc.
You feel very sick.
Sonja throws a curare-tipped dart.
The curare-tipped dart hits you.
You are more poisoned.
You have difficulty breathing.
* * * LOW HITPOINT WARNING * * *
You feel as though you will be slow longer.
The orc hits you but does no damage.
Sonja says, "Someone hired me to kill you, but I'm not supposed to say who."
Sonja mumbles some strange words.
Sonja blinks!
The orc hits you but does no damage. ๐Ÿ˜จ HP[-11]
You take 11 damage, and now have 40/102 hp.
You feel extremely sick.
Sonja throws a curare-tipped dart.
The curare-tipped dart barely misses you. ๐Ÿ˜จ HP[-7]
You take 7 damage, and now have 33/102 hp.
You feel very sick.
Sonja throws a curare-tipped dart.
The curare-tipped dart hits you.
You are more poisoned.
You have difficulty breathing.
* * * LOW HITPOINT WARNING * * *
You feel as though you will be slow longer.
The orc completely misses you. ๐Ÿ˜ฑ HP[-12]
You take 12 damage, and now have 21/102 hp.
You feel better. The orc closely misses you. You furiously retaliate!
You headbutt the orc!
You kill the orc!
Trog accepts your kill. The orc completely misses you. You furiously retaliate!
You headbutt the orc.
Sonja casts a spell.
Sonja blinks! ๐Ÿ˜จ HP[+8]
You regained 8 hp, and now have 29/102 hp.
The orc hits you but does no damage. Sonja hits you but does no damage.
Space bends around you.
* * * LOW HITPOINT WARNING * * *
Sonja hits you but does no damage.
You blink. ๐Ÿ˜ฑ HP[-6]
You take 6 damage, and now have 23/102 hp.
Sonja casts a spell.
Sonja blinks! ๐Ÿ˜ฑ HP[+1] ๐Ÿ˜ฑ HP[+1]
An ogre comes into view. It is wielding a +0 giant club.
The ogre shouts!
Sonja gestures wildly while chanting.
Sonja blinks!
You barely miss the orc. Your headbutt misses the orc.
The orc hits you but does no damage.
You barely miss the orc. You headbutt the orc.
You kill the orc!
Trog accepts your kill. ๐Ÿ˜จ HP[+1]
You slice the ogre!! You freeze the ogre!
You kill the ogre!
Trog accepts your kill. ๐Ÿ˜จ HP[+1] Sonja hits you but does no damage.
You are cast into the Abyss!
To return, you must find a gate leading back.
Killing monsters will force the Abyss to allow you passage.
This branch contains the abyssal rune of Zot. ๐Ÿ˜จ HP[+1]
You start resting.
You feel yourself speed up.
A raiju comes into view. ๐Ÿ˜จ HP[+11]
You regained 11 hp, and now have 39/102 hp.
The raiju barks!
A raiju comes into view.
The raiju barks! ๐Ÿ˜จ HP[+1]
You barely miss the raiju. Your headbutt misses the raiju.
The raiju barely misses you. You furiously retaliate!
You headbutt the raiju. You miss the raiju.
The raiju bites you but does no damage.
You slash the raiju! You freeze the raiju.
The raiju bursts into living lightning!
The living lightning hits the raiju.
The raiju completely resists.
The living lightning hits you!!
* * * LOW HITPOINT WARNING * * *
The raiju blinks!
The raiju bites you.
* * * LOW HITPOINT WARNING * * *
The raiju shocks you!
You die...

Skill      XL: |  1  2  3  4  5  6  7  8  9 10 11 |
---------------+----------------------------------+-----
Axes           | 4 5 6 7 8 10 12 13 14 | 14.5
Fighting       | 4 5 6 7 9 10 11 | 11.1
Armour         | 3 4 5 6 7 9 10 | 10.9
Short Blades   | 1 |  1.3
Dodging        | |  2.1

Action                   |  1- 3 |  4- 6 |  7- 9 | 10-12 || total
-------------------------+-------+-------+-------+-------++-------
Melee: Hand axe          |   101 |    61 |   142 |       ||   304
       Headbutt          |    19 |    13 |    46 |    26 ||   104
       Short sword       |       |    45 |       |       ||    45
       Battleaxe         |       |       |    74 |   138 ||   212
Invok: Berserk           |       |     1 |     1 |     1 ||     3
  Use: Scroll            |     2 |     1 |    24 |     3 ||    30
       Potion            |       |       |     1 |     3 ||     4
 Stab: Invisible         |       |       |       |     1 ||     1
Armor: Animal skin       |     3 |       |       |       ||     3
       Scale mail        |    27 |    57 |    11 |       ||    95
       Chain mail        |       |       |    90 |   104 ||   194
Dodge: Dodged            |    45 |    57 |   107 |    69 ||   278

Levels and vault maps discovered:
D:1:      amcnicky_arrival_double_pillar, layout_loops_ring,
          chequers_serial_rivers_small_3, minmay_misc_feat_encased,
          chequers_arboretum, minmay_misc_feat_roman, lexackson_kobold_supper
D:2:      layout_loops_corners, st_stairs_10
D:3:      minmay_wonky_spiral, layout_basic, mainiacjoe_overflow_tiny_flanked,
          cheibrodos_sewer_entry_drain, hellmonk_ecumenical_altar_crossroads,
          skrybe_limestone_x, serial_park_tiny_pond
D:4:      layout_rooms
D:5:      layout_basic, serial_shops, shop
D:6:      layout_basic, temple_green, serial_shops, nicolae_shop_stone,
          uniq_maggie, uniq_edmund
D:7:      layout_cave_pools, mainiacjoe_overflow_six_doors_small, minivault_14,
          hex_large
D:8:      layout_rooms, yredelemnul_forgotten_temple_becter,
          nicolae_ossuary_entry_catacombs
D:9:      layout_loops_ring, fedhas_altar_3, mainiacjoe_overflow_alcove_3,
          special_room [special_room_kobold]
D:10:     minmay_angry_zag, layout_basic, orc_0_dummy
D:11:     layout_stronghold, due_lair_maze_entry_diamond, serial_shops, shop,
          grunt_ministairs_2, minmay_ruined_shrine
Orc:1:    layout_caves, mines3_lemuel, uniq_erica, uniq_sonja, uniq_erolcha
Abyss:2:  base:
D:13

Notes
Turn   | Place    | Note
-------+----------+-------------------------------------------
     0 | D:1      | sakkuzi the Minotaur Berserker began the quest for the Orb.
     0 | D:1      | Reached XP level 1. HP: 19/19 MP: 0/0
     0 | D:1      | magus.rc [v1.9.6]
   237 | D:1      | Reached skill level 4 in Axes
   237 | D:1      | Reached XP level 2. HP: 27/27 MP: 1/1
   731 | D:1      | Reached skill level 4 in Fighting
   800 | D:1      | Reached skill level 3 in Armour
  1073 | D:1      | Reached XP level 3. HP: 33/33 MP: 2/2
  1075 | D:1      | Reached ** piety under Trog
  2155 | D:3      | Noticed a phantom
  2165 | D:3      | Killed a phantom
  2166 | D:3      | Reached skill level 5 in Axes
  2166 | D:3      | Reached XP level 4. HP: 20/41 MP: 3/3
  2166 | D:3      | Reached XP level 5. HP: 23/47 MP: 4/4
  2458 | D:3      | Reached skill level 4 in Armour
  2664 | D:3      | Found a glowing drain.
  2681 | Sewer    | Entered a sewer
  2749 | Sewer    | HP: 17/70 [kobold brigand/bolt (4)]
  2750 | Sewer    | Reached skill level 5 in Fighting
  2750 | Sewer    | Reached skill level 6 in Axes
  2750 | Sewer    | Reached XP level 6. HP: 20/56 MP: 5/5
  2755 | Sewer    | HP: 16/84 [kobold brigand (1)]
  3146 | Sewer    | Reached *** piety under Trog
  3237 | Sewer    | Reached skill level 1 in Short Blades
  3490 | D:3      | Found a radiant altar of Vehumet.
  3502 | D:3      | Found a faded altar of an unknown god.
  3778 | D:3      | Reached skill level 5 in Armour
  4063 | D:4      | Reached skill level 7 in Axes
  4063 | D:4      | Reached XP level 7. HP: 54/62 MP: 6/6
  4105 | D:4      | Identified a scroll of acquirement
  4105 | D:4      | Acquired the +3 battleaxe of the Lusting Soothsayer
                  | {vorpal, *Slow rC+++ Will+++ Str-5}
  4126 | D:4      | Reached skill level 6 in Fighting
  4861 | D:5      | Entered Level 5 of the Dungeon
  4867 | D:5      | Reached skill level 8 in Axes
  4873 | D:5      | Reached skill level 6 in Armour
  4874 | D:5      | You add the spells Corpse Rot, Bolt of Magma and Borgnjor's
                  | Vile Clutch to your library.
  4874 | D:5      | Got the Guide on Evil Heat {forbidden}
  4889 | D:5      | Reached XP level 8. HP: 69/71 MP: 7/7
  4902 | D:5      | Found Qomipiu's Armour Shop.
  4908 | D:5      | Bought a +1 chain mail of willpower for 165 gold pieces
  5136 | D:5      | Reached skill level 7 in Fighting
  5271 | D:5      | Reached skill level 9 in Axes
  5902 | D:6      | Reached skill level 7 in Armour
  5908 | D:6      | Found Ziolig's Jewellery Boutique.
  5935 | D:6      | Noticed Edmund
  5941 | D:6      | Killed Edmund
  6018 | D:6      | Noticed Maggie
  6029 | D:6      | Killed Maggie
  6029 | D:6      | Reached **** piety under Trog
  6030 | D:6      | Reached skill level 10 in Axes
  6426 | D:6      | Reached XP level 9. HP: 76/81 MP: 8/8
  6566 | D:6      | Found a staircase to the Ecumenical Temple.
  6674 | D:6      | Reached skill level 8 in Fighting
  7437 | D:7      | Reached skill level 8 in Armour
  7515 | D:7      | Reached skill level 11 in Axes
  7612 | D:7      | Gained mutation: You are partially covered in iridescent
                  | scales. (AC +2) [potion of mutation]
  7722 | D:7      | Found a stormy altar of Qazlal.
  8135 | D:8      | Reached skill level 9 in Fighting
  8236 | D:8      | Found a sand-covered staircase.
  8240 | D:8      | Reached skill level 12 in Axes
  8243 | Ossuary  | Entered an ossuary
  8366 | Ossuary  | Reached skill level 9 in Armour
  8454 | D:8      | Reached XP level 10. HP: 90/91 MP: 9/9
  8563 | D:8      | You pick up a book of Debilitation {forbidden} and begin
                  | reading...
  8563 | D:8      | You add the spells Slow, Vampiric Draining and Confusing
                  | Touch to your library.
  8597 | D:8      | Reached ***** piety under Trog
  8709 | D:8      | Found a basalt altar of Yredelemnul.
  8873 | D:9      | Found a blossoming altar of Fedhas.
  9149 | D:9      | Found a shadowy altar of Dithmenos.
  9152 | D:9      | Found an iron altar of Okawaru.
  9153 | D:9      | Found a broken altar of Ashenzari.
  9155 | D:9      | Found a burning altar of Makhleb.
  9511 | D:9      | Reached skill level 10 in Fighting
  9516 | D:9      | Reached skill level 13 in Axes
  9532 | D:9      | Reached skill level 10 in Armour
  9848 | D:10     | Entered Level 10 of the Dungeon
 10203 | D:10     | Reached XP level 11. HP: 101/101 MP: 10/10
 10214 | D:10     | Reached skill level 14 in Axes
 10849 | D:10     | Received a gift from Trog
 10898 | D:10     | Found a staircase to the Orcish Mines.
 11211 | D:10     | You add the spells Ozocubu's Armour and Ozocubu's
                  | Refrigeration to your library.
 11488 | Orc:1    | Entered Level 1 of the Orcish Mines
 11497 | Orc:1    | Noticed Erica
 11500 | Orc:1    | Reached skill level 11 in Fighting
 11512 | Orc:1    | Killed Erica
 11644 | Orc:1    | Noticed Sonja
 11647 | Orc:1    | HP: 21/102 [asphyx]
 11661 | Orc:1    | You are cast into the Abyss!
 11661 | Orc:1    | Cast into level 2 of the Abyss (Sonja)
 11700 | Abyss:2  | HP: 12/102 [raiju/living lightning (28)]
 11700 | Abyss:2  | Slain by a raiju

Vanquished Creatures
  Erica (Orc:1)
  A gargoyle (D:10)
  Maggie (D:6)
  2 kobold demonologists
  4 trolls
  A meliai zombie (D:10)
  A yak (D:10)
  2 wyverns
  Edmund (D:6)
  3 water moccasins
  2 black bears
  2 ice beasts (D:8)
  7 orc warriors
  2 necrophages
  3 sky beasts
  A hornet zombie (D:7)
  2 ogres (Orc:1)
  5 centaurs
  2 phantoms
  19 kobold brigands
  An elf zombie (D:8)
  A bullfrog (D:6)
  An elf skeleton (D:8)
  2 scorpions
  2 water moccasin skeletons
  6 wights
  7 howler monkeys
  An electric eel (D:7)
  A bullfrog zombie (D:6)
  A hound (D:5)
  A jelly (D:8)
  A centaur skeleton (D:7)
  2 human zombies
  5 centaur zombies
  7 orc priests
  A human skeleton (D:8)
  An iguana (D:6)
  8 orc wizards
  2 killer bee zombies
  A hound zombie (Ossuary)
  A hound skeleton (D:5)
  2 howler monkey zombies
  4 mummies (Ossuary)
  7 adders
  An adder zombie (Ossuary)
  4 worms
  4 dart slugs
  32 orcs
  7 ball pythons
  7 endoplasms
  4 giant cockroaches
  12 hobgoblins
  2 jackals (D:5)
  25 kobolds
  A quokka (D:2)
  4 bats
  3 frilled lizards (D:1)
  6 goblins
  4 goblin zombies (Ossuary)
  A hobgoblin zombie (Ossuary)
  2 kobold zombies (Ossuary)
  An orc skeleton (D:8)
  An orc zombie (D:8)
  11 rats
  2 rat zombies (Ossuary)
  A spectral orc (D:8)
263 creatures vanquished.

Vanquished Creatures (others)
  An orc (Orc:1)
  A fungus (D:9)
  9 plants
11 creatures vanquished.

Grand Total: 274 creatures vanquished

Table legend:
 A = Non-vault XP
 B = Vault XP
 C = Vault XP percentage of total XP
 D = Non-vault monster count
 E = Vault monster count
 F = Vault count percentage of total count
                 A         B        C        D         E       F
            +---------+---------+-------+---------+---------+-------
      Total |    8017 |    6058 |  43.0 |     174 |      89 |  33.8
            +---------+---------+-------+---------+---------+-------
        D:1 |      40 |       9 |  18.4 |      21 |       8 |  27.6
        D:2 |      37 |       5 |  11.9 |      15 |       2 |  11.8
        D:3 |     189 |      15 |   7.4 |      16 |       7 |  30.4
        D:4 |     491 |       0 |   0.0 |      14 |       0 |   0.0
        D:5 |     876 |       0 |   0.0 |      17 |       0 |   0.0
        D:6 |     416 |     532 |  56.1 |       7 |       2 |  22.2
        D:7 |    1172 |       0 |   0.0 |      14 |       0 |   0.0
        D:8 |    1610 |     263 |  14.0 |      19 |       7 |  26.9
        D:9 |    1141 |    1656 |  59.2 |      15 |      21 |  58.3
       D:10 |    1255 |    2172 |  63.4 |      20 |       8 |  28.6
      Orc:1 |     790 |     897 |  53.2 |      16 |       1 |   5.9
      Sewer |       0 |     357 | 100.0 |       0 |      17 | 100.0
    Ossuary |       0 |     152 | 100.0 |       0 |      16 | 100.0
            +---------+---------+-------+---------+---------+-------

Illustrated notes

Table legend:
 A = Kills in this place as a percentage of kills in entire the game.
 B = Kills by you in this place as a percentage of kills by you in the entire game.
 C = Kills by friends in this place as a percentage of kills by friends in the entire game.
 D = Other kills in this place as a percentage of other kills in the entire game.
 E = Experience gained in this place as a percentage of experience gained in the entire game.
 F = Experience gained in this place divided by the number of levels of this place that you have seen.
                   A       B       C       D       E      F
               +-------+-------+-------+-------+-------+----------------------
         Total | 100.0 | 100.0 |   N/A |   N/A | 100.0 | 938.3
       Dungeon |  81.0 |  81.0 |   N/A |   N/A |  84.4 | 1079.9
  Orcish Mines |   6.5 |   6.5 |   N/A |   N/A |  12.0 | 1687.0
         Sewer |   6.5 |   6.5 |   N/A |   N/A |   2.5 | 357.0
       Ossuary |   6.1 |   6.1 |   N/A |   N/A |   1.1 | 152.0
               +-------+-------+-------+-------+-------+----------------------

Table legend: (Time is in decaauts)
 A = Elapsed time spent in this place.
 B = Non-inter-level travel time spent in this place.
 C = Inter-level travel time spent in this place.
 D = Time resting spent in this place.
 E = Time spent auto-exploring this place.
 F = Levels seen in this place.
 G = Mean time per level.
                   A        B        C        D        E       F      G
               +--------+--------+--------+--------+--------+-----+--------+
         Total |  11814 |  11532 |    282 |    999 |   7863 |  15 |  787.6 |
       Dungeon |  10567 |  10286 |    281 |    638 |   7452 |  11 |  960.6 |
  Orcish Mines |    179 |    179 |      0 |     78 |      0 |   1 |  179.0 |
         Abyss |     46 |     46 |      0 |     41 |      0 |   1 |   46.0 |
         Sewer |    867 |    867 |      0 |    241 |    342 |   1 |  867.0 |
       Ossuary |    153 |    153 |      0 |      0 |     68 |   1 |  153.0 |
               +--------+--------+--------+--------+--------+-----+--------+

Top non-repeatable levels by time:
    D:10: 1638 daAuts
     D:6: 1327 daAuts
     D:1: 1237 daAuts
     D:3: 1129 daAuts
     D:5: 933 daAuts
     D:2: 924 daAuts
     D:9: 898 daAuts
     D:7: 885 daAuts
   Sewer: 867 daAuts
     D:4: 803 daAuts
     D:8: 787 daAuts
   Orc:1: 179 daAuts
 Ossuary: 153 daAuts
 Abyss:2: 46 daAuts
    D:11: 1 daAuts
